AoeStats
← Comend x comend

Arena

506308776Analyzed
4v4 RM · 20d ago on Sep 13, 2026· 61m 17s· 8 players
Game mode
Random Map
Map size
Large (8 player)
Population
200
Speed
Normal
Resources
Standard
Victory
Conquest
Starting age
Dark Age
Ending age
Imperial Age
RankedLock teamsTeams togetherTeam positionsShared explorationLock speedFull tech treeHidden civsTurbo modeCheats
Victory
Defeat
🇵🇪 Burgundians · Peru
1290
+16
🇨🇳 Slavs · China
1279
+16
🇯🇵 Inca · Japan
1268
+17
🇮🇩 Vikings · Indonesia
1224
+19
🇨🇦 Lithuanians · Canada
1454
-23
🇺🇸 Sicilians · United States
1261
-16
🇨🇦 Mapuche · Canada
1258
-16
🇺🇸 Gurjaras · United States
1178
-13
nakasone
12:23 Feudal Age
16:54 Castle Age
15:32 Wheelbarrow
14:45 Horse Collar
14:53 Double-Bit Axe
15:45 Stone Mining
16:01 Champi Runner
16:44 Scale Mail Armor
17:06 Arson
17:21 Gold Mining
17:19 Champi Warrior
19:55 Bow Saw
21:51 Heavy Plow
26:03 Gold Shaft Mining
30:47 Imperial Age
28:03 Loom
29:10 Wheelbarrow
28:47 Squires
29:11 Chain Mail Armor
30:23 Forging
30:50 Hand Cart
32:10 Iron Casting
31:48 Fabric Shields
32:09 Conscription
32:44 Plate Mail Armor
32:19 Elite Kamayuk
34:43 Blast Furnace
34:25 Crop Rotation
39:26 Stone Shaft Mining
38:54 Treadmill Crane
39:25 Masonry
39:21 Siege Engineers
39:12 Murder Holes
39:37 Ballistics
46:26 Andean Sling
47:09 Padded Archer Armor
47:58 Thumb Ring
49:05 Leather Archer Armor
52:21 Fletching
54:07 Bodkin Arrow
55:10 Bracer
55:26 Fortified Wall
56:17 Chemistry
57:55 Ring Archer Armor
57:09 Elite Skirmisher
58:24 Pikeman
61:48 Caravan
Comend x comend
13:49 Feudal Age
17:33 Castle Age
22:11 Imperial Age
20:04 Double-Bit Axe
20:11 Gold Mining
20:04 Horse Collar
23:54 Chemistry
24:09 Gold Shaft Mining
27:57 Pikeman
28:37 Squires
29:21 Squires
32:31 Bow Saw
32:18 Halberdier
34:20 Two-Man Saw
35:21 Forging
38:38 Wheelbarrow
39:43 Arson
47:58 Stone Mining
48:43 Hand Cart
49:27 Town Watch
50:05 Conscription
51:09 Stone Shaft Mining
51:14 Sappers
萱你在吗
10:53 Feudal Age
12:26 Double-Bit Axe
14:49 Castle Age
13:34 Horse Collar
16:08 Bow Saw
17:14 Heavy Plow
21:37 Stone Mining
21:37 Gold Mining
22:38 Loom
23:33 Gold Mining
25:50 Wheelbarrow
28:20 Imperial Age
27:29 Hand Cart
27:56 Gold Shaft Mining
26:47 Pikeman
30:07 Chemistry
29:40 Crop Rotation
30:16 Two-Man Saw
29:39 Capped Ram
31:15 Scale Mail Armor
31:27 Forging
30:40 Heavy Scorpion
30:53 Siege Ram
32:25 Conscription
33:34 Halberdier
34:14 Squires
34:32 Chain Mail Armor
34:52 Iron Casting
39:48 Plate Mail Armor
40:02 Druzhina
40:18 Siege Engineers
42:39 Blast Furnace
42:53 Scale Barding Armor
44:00 Light Cavalry
44:51 Bloodlines
44:41 Husbandry
44:47 Hussar
47:16 Caravan
48:34 Chain Barding Armor
50:43 Plate Barding Armor
50:17 Detinets
59:11 Elite Boyar
hemes
8:40 Loom
10:26 Feudal Age
14:28 Castle Age
13:10 Double-Bit Axe
16:03 Loom
18:41 Town Watch
20:04 Bow Saw
22:49 Horse Collar
23:04 Gold Mining
28:35 Imperial Age
26:24 Scale Mail Armor
26:35 Forging
25:47 Man-at-Arms
26:14 Gambesons
27:35 Gold Shaft Mining
26:54 Stone Mining
27:30 Chain Mail Armor
27:12 Long Swordsman
28:29 Squires
28:44 Two-Handed Swordsman
30:08 Plate Mail Armor
30:14 Iron Casting
30:19 Conscription
29:55 Champion
33:34 Blast Furnace
31:58 Heavy Scorpion
35:24 Chieftains
38:33 Siege Engineers
39:39 Chemistry
38:41 Pikeman
42:26 Heavy Plow
43:03 Gold Shaft Mining
43:11 Ballistics
51:17 Arson
56:21 Coinage
SharkeyTank
10:54 Feudal Age
15:08 Castle Age
13:47 Double-Bit Axe
20:55 Horse Collar
23:55 Bow Saw
25:40 Stone Mining
26:41 Scale Mail Armor
26:53 Forging
29:10 Wheelbarrow
31:57 Imperial Age
30:30 Gold Mining
31:38 Chain Mail Armor
31:59 Iron Casting
32:05 Cavalier
32:56 Bloodlines
34:37 Plate Mail Armor
35:08 Blast Furnace
34:14 Elite Serjeant
35:15 Conscription
35:47 Scale Barding Armor
37:23 Husbandry
38:44 First Crusade
39:23 Chain Barding Armor
44:39 Plate Barding Armor
44:59 Hauberk
50:36 Light Cavalry
GOAT Gobz
10:53 Feudal Age
15:19 Castle Age
14:07 Double-Bit Axe
14:05 Horse Collar
16:07 Light Cavalry
20:26 Bow Saw
21:21 Fervor
22:50 Loom
23:24 Scale Barding Armor
23:29 Forging
23:44 Bloodlines
23:34 Husbandry
24:10 Gold Mining
27:02 Chain Barding Armor
28:50 Wheelbarrow
28:54 Heavy Plow
31:31 Hand Cart
32:19 Iron Casting
35:07 Imperial Age
36:13 Block Printing
36:34 Theocracy
36:47 Plate Barding Armor
36:13 Cavalier
37:39 Paladin
38:37 Fletching
44:11 Bodkin Arrow
57:48 Conscription
Shawn96
11:04 Feudal Age
12:19 Double-Bit Axe
14:51 Castle Age
13:16 Horse Collar
16:12 Bow Saw
16:06 Heavy Plow
17:40 Wheelbarrow
16:57 Loom
19:45 Town Watch
22:49 Fletching
23:00 Padded Archer Armor
23:29 Bodkin Arrow
25:20 Leather Archer Armor
26:00 Ballistics
25:51 Gold Mining
27:51 Gold Shaft Mining
29:44 Hand Cart
30:39 Stone Mining
35:58 Imperial Age
34:02 Scale Mail Armor
34:12 Forging
34:46 Masonry
34:17 Treadmill Crane
35:47 Stone Shaft Mining
35:33 Murder Holes
35:56 Chain Mail Armor
36:17 Iron Casting
35:05 Pikeman
36:42 Malon
37:08 Conscription
38:00 Ring Archer Armor
38:01 Plate Mail Armor
38:33 Architecture
40:29 Chemistry
40:15 Onager
40:35 Halberdier
47:45 Blast Furnace
51:21 Champi Runner
51:47 Arson
GypsyStar22
10:54 Feudal Age
14:36 Castle Age
12:31 Double-Bit Axe
12:53 Horse Collar
15:58 Bow Saw
20:59 Wheelbarrow
22:27 Heavy Plow
23:41 Gold Mining
23:42 Stone Mining
25:46 Loom
25:47 Town Watch
26:22 Hand Cart
29:39 Imperial Age
27:35 Scale Barding Armor
28:15 Forging
28:18 Bloodlines
28:08 Husbandry
28:39 Kshatriyas
29:20 Chain Barding Armor
30:09 Iron Casting
30:17 Gold Shaft Mining
29:45 Heavy Camel Rider
31:04 Plate Barding Armor
31:48 Frontier Guards
32:54 Conscription
32:58 Town Patrol
35:12 Scale Mail Armor
35:18 Arson
36:25 Chain Mail Armor
35:52 Elite Chakram Thrower
37:42 Plate Mail Armor
37:36 Fletching
38:58 Bodkin Arrow
39:11 Light Cavalry
40:07 Hussar
40:53 Murder Holes
43:22 Bracer
44:25 Thumb Ring
52:01 Chemistry
51:22 Ballistics
51:13 Fortified Wall
Connection lost

Rejoining the realm…

Still unreachable

The connection could not be restored.

Session expired

The server has moved on; the page needs a fresh start.